 Dungeon Crawl Stone Soup version 0.32-a0-818-gb728d0252e (webtiles) character file.

Game seed: 13329202435087973034

16580 shadizar the Geomancer (level 12, -3/73 HPs)
             Began as a Gargoyle Earth Elementalist on Mar 24, 2024.
             Was a Priest of Vehumet.
             Slain by a hell knight
             ... wielding a +1 halberd of flaming
              (14 damage)
             ... in a volcano.
             The game lasted 00:23:44 (12017 turns).

shadizar the Geomancer (GrEE)                      Turns: 12017, Time: 00:23:44

Health: -3/73      AC: 24    Str: 12    XL:     12   Next: 39%
Magic:  8/25       EV: 10    Int: 21    God:    Vehumet [***...]
Gold:   546        SH:  3    Dex: 10    Spells: 21/29 levels left

rFire   + . .        p - staff of earth
rCold   . . .        J - +0 buckler
rNeg    + + .        h - +4 leather armour of Refuge {rF+ rN+ Slay+3}
rPois   ∞            u - +0 helmet
rElec   +            a - +0 cloak
rCorr   .            o - +1 pair of gloves
SInv    .            d - +2 pair of boots
Will    .....        l - amulet of magic regeneration
Stlth   ++           n - +4 ring of slaying
HPRegen 0.32/turn    (no ring)
MPRegen 0.59/turn

%: no passive effects
@: very slightly contaminated
A: sickness immunity, AC +8, negative energy resistance 1, electricity
resistance, torment resistance 1, petrification resistance
a: Renounce Religion


You were in a volcano.
You worshipped Vehumet.
Vehumet was most pleased with you.
You visited 3 branches of the dungeon, and saw 13 of its levels.
You also visited: Volcano.

You collected 546 gold pieces.

Inventory:

Hand Weapons
 r - the +8 autumn katana {manifold assault}
   (You found it on level 4 of the Dungeon)
Missiles
 z - 2 silver javelins
Armour
 a - a +0 cloak (worn)
 d - a +2 pair of boots (worn)
 h - the +4 leather armour of Refuge (worn) {rF+ rN+ Slay+3}
   (You found it on level 3 of the Dungeon)

   Slay+3:    It affects your accuracy & damage with ranged weapons and melee
   (+3).
   rF+:       It protects you from fire.
   rN+:       It protects you from negative energy.
 o - a +1 pair of gloves (worn)
 t - a +1 scale mail of fire resistance
 u - a +0 helmet (worn)
 F - a scarf of invisibility
 J - a +0 buckler (worn)
Magical Staves
 p - a staff of earth (weapon)
 s - a staff of conjuration
 A - a staff of air
Jewellery
 g - an amulet of the acrobat
 l - an amulet of magic regeneration (around neck)
 n - a +4 ring of slaying (left hand)
Wands
 f - a wand of flame (11)
 C - a wand of mindburst (16)
 I - a wand of digging (12)
Scrolls
 i - 2 scrolls of fog
 k - 3 scrolls of blinking
 y - 3 scrolls of teleportation
 D - a scroll of poison
 G - a scroll of vulnerability
 H - a scroll of torment
Potions
 b - a potion of magic
 c - 2 potions of resistance
 j - 2 potions of haste
 m - 2 potions of mutation
 q - 4 potions of curing
 v - a potion of enlightenment {unknown}
 x - 2 potions of brilliance
 B - a potion of cancellation {unknown}
 E - a potion of attraction {unknown}


   Skills:
 - Level 8.0 Fighting
 - Level 4.0 Armour
 - Level 2.5 Dodging
 - Level 2.1 Stealth
 + Level 1.7 Shields
 - Level 9.3 Spellcasting
 + Level 11.0 Conjurations
 + Level 4.4 Translocations
 + Level 12.4 Earth Magic


You had 21 spell levels left.
You knew the following spells:

 Your Spells              Type           Power      Damage    Failure   Level
a - Sandblast             Erth           100%       2d20      1%          1
b - Stone Arrow           Conj/Erth      100%       3d13      1%          3
c - Iskenderun's Mystic   Conj/Tloc      42%        2d10      1%          4

Your spell library contained the following spells:

 Spells                   Type           Power      Damage    Failure   Level
 Airstrike                Air            4%         2d(1-17)  30%         4
 Passwall                 Erth           75%        N/A       1%          3
 Brom's Barrelling Bould  Conj/Erth      73%        2d9       1%          4
 Lee's Rapid Deconstruct  Erth           37%        3d19*     1%          5
 Fulminant Prism          Conj/Alch      16%        3d10      3%          4
 Volatile Blastmotes      Fire/Tloc      38%        2d13      4%          3
 Leda's Liquefaction      Alch/Erth      26%        N/A       10%         4
 Petrify                  Alch/Erth      52%        N/A       10%         4
 Arcjolt                  Conj/Air       16%        1d26      10%         5
 Ensorcelled Hibernation  Hex/Ice        18%        N/A       19%         2
 Borgnjor's Vile Clutch   Necr/Erth      26%        N/A       26%         5
 Fugue of the Fallen      Necr           9%         N/A       36%         3
 Permafrost Eruption      Ice/Erth       26%        2x4d8     36%         6
 Vhi's Electric Charge    Tloc/Air       38%        N/A       45%         4
 Anguish                  Hex/Necr       4%         N/A       77%         4
 Animate Dead             Necr           9%         N/A       77%         4
 Plasma Beam              Fire/Air       4%         2x1d14    98%         6
 Death Channel            Necr           4%         N/A       100%        6


Dungeon Overview and Level Annotations

Branches:
Dungeon (10/15)            Temple (1/1) D:7            Lair (2/5) D:10
Volcano (1/1)
  Swamp: Lair:2-3    Shoals: Lair:2-3     Snake: Lair:2-3    Spider: Lair:2-3
    Orc: D:9-12

Altars:
Ashenzari
Cheibriados
Dithmenos
Elyvilon
Fedhas
Gozag
Hepliaklqana
Kikubaaqudgha
Makhleb
Nemelex Xobeh
Okawaru
Qazlal
Ru
Sif Muna
Trog
Uskayaw
Vehumet
Wu Jian
Xom
Yredelemnul
Zin
The Shining One

Shops:
D:1 [   D:4 :

Annotations:
D:2 Robin


Innate Abilities, Weirdness & Mutations

You are immune to sickness and miasma.
Your stone body is resilient. (AC +8)
You are immune to poison.
You resist negative energy. (rN+)
You are resistant to electric shocks. (rElec)
You are resistant to unholy torment.
You are immune to petrification.


Message History

You are too injured to fight recklessly!
Casting: Sandblast (safe; 1% risk of failure)
Confirm with . or Enter, or press ? or * to list all spells.
Aiming: Sandblast (safe; 1% risk of failure)
Press: ? - help, Shift-Dir - straight line, f/p - hell knight
Aim: a hell knight, wielding a +1 halberd of flaming and wearing a +2 chain mail of fire resistance (black smoke, severely wounded, fast, 89% to hit)
You feel a surge of power!
The blast of sand misses the hell knight.
Unknown command.
Unknown command.
Unknown command.
Unknown command.
Unknown command.
Casting: Sandblast (safe; 1% risk of failure)
Confirm with . or Enter, or press ? or * to list all spells.
Aiming: Sandblast (safe; 1% risk of failure)
Press: ? - help, Shift-Dir - straight line, f/p - hell knight
Aim: a hell knight, wielding a +1 halberd of flaming and wearing a +2 chain mail of fire resistance (severely wounded, fast, 89% to hit)
You feel a surge of power!
The blast of sand hits the hell knight but does no damage.
The hell knight is severely wounded.
You block the hell knight's attack.
The hell knight hits you but does no damage.
The hell knight hits you from afar with a +1 halberd of flaming!!
* * * LOW HITPOINT WARNING * * *
The hell knight burns you.
* * * LOW HITPOINT WARNING * * *
Unknown command.
Unknown command.
Casting: Sandblast (safe; 1% risk of failure)
Confirm with . or Enter, or press ? or * to list all spells.
Okay, then.
Casting: Sandblast (safe; 1% risk of failure)
Confirm with . or Enter, or press ? or * to list all spells.
Aiming: Stone Arrow (safe; 1% risk of failure)
Press: ? - help, Shift-Dir - straight line, f/p - hell knight
Aim: a hell knight, wielding a +1 halberd of flaming and wearing a +2 chain mail of fire resistance (severely wounded, fast, 84% to hit)
You feel a surge of power!
The stone arrow misses the hell knight.
The hell knight hits you from afar with a +1 halberd of flaming!
You die... c

.# .####### ##..#
.........§...#####...
....§.≈.≈≈.........
...≈≈≈≈≈§§§§..)).#
.≈≈§§§≈§≈§§§§.p.##
..§≈§§≈≈≈≈≈§§...@#
.≈≈≈≈§≈≈≈≈≈.....##
..≈≈≈≈≈≈≈≈.....##
....§.≈.§....###
....§........#
#..###...#..)# ####
#######)# ##.##
##..###


You could see a hell knight (fast).

Vanquished Creatures
  2 centaur warriors
  Pikel (D:4)
  5 elephants (Lair:1)
  A black mamba (Lair:1)
  A cane toad (Lair:1)
  A rime drake (Lair:1)
  A yaktaur (Volcano)
  A komodo dragon (Lair:1)
  A troll (D:9)
  A polar bear (Lair:1)
  8 spriggans (Lair:1)
  2 wyverns
  25 yaks
  2 basilisks (Lair:1)
  A wraith (D:10)
  4 steam dragons
  7 water moccasins
  2 sky beasts
  3 orc warriors
  An ogre (D:4)
  2 wolves (D:9)
  7 centaurs
  A kobold brigand (D:9)
  A lemure (D:4)
  2 phantoms
  5 bullfrogs
  2 scorpions
  7 wights
  24 killer bees
  An electric eel (D:6)
  3 howler monkeys (D:8)
  12 orc priests
  2 jellies
  A gnoll bouda (D:6)
  4 hounds
  2 sleepcaps
  Natasha (thrice) (D:2)
  3 iguanas
  7 orc wizards
  9 gnolls
  9 adders
  A shadow imp (D:7)
  A white imp (D:5)
  6 ufetubi
  4 dart slugs
  5 ribbon worms
  36 orcs
  7 ball pythons
  5 endoplasms
  4 giant cockroaches
  15 goblins
  11 hobgoblins
  2 jackals
  15 kobolds
  5 quokkas
  9 bats
  4 frilled lizards (D:1)
  10 rats
317 creatures vanquished.

Notes
Turn   | Place    | Note
-------+----------+-------------------------------------------
     0 | D:1      | shadizar the Gargoyle Earth Elementalist began the quest
                  | for the Orb.
     0 | D:1      | Reached XP level 1. HP: 10/10 MP: 3/3
   127 | D:1      | Reached XP level 2. HP: 15/15 MP: 0/5
   288 | D:1      | You fall into a shaft and drop 1 floor!
   385 | D:1      | Reached skill level 4 in Earth Magic
   428 | D:1      | Found Deuzof's Antique Armour Shop.
   647 | D:1      | Reached XP level 3. HP: 19/19 MP: 4/6
   755 | D:1      | Found a faded altar of an unknown god.
  1241 | D:2      | Noticed Natasha
  1247 | D:2      | Killed Natasha
  1248 | D:2      | Reached XP level 4. HP: 21/24 MP: 8/8
  1289 | D:2      | Noticed Natasha
  1381 | D:2      | Killed Natasha
  1451 | D:2      | Noticed Natasha
  1457 | D:2      | Killed Natasha
  1458 | D:2      | Reached XP level 5. HP: 25/28 MP: 7/9
  1771 | D:2      | Noticed Robin
  1773 | D:2      | Reached skill level 5 in Earth Magic
  2216 | D:3      | Identified the +4 leather armour of Refuge {rF+ rN+ Slay+3}
  2225 | D:3      | Learned a level 3 spell: Stone Arrow
  2974 | D:3      | Reached XP level 6. HP: 33/33 MP: 11/11
  2988 | D:3      | Reached skill level 1 in Fighting
  3102 | D:4      | Reached skill level 1 in Armour
  3332 | D:4      | Reached XP level 7. HP: 40/40 MP: 10/12
  3432 | D:4      | Found the +8 autumn katana {manifold assault}
  3486 | D:4      | Identified the +10 hand axe of Sill {venom, rElec Dex+2}
  3536 | D:4      | Found Unlucku's Book Boutique.
  3680 | D:4      | Noticed Pikel
  3689 | D:4      | Killed Pikel
  3690 | D:4      | Reached skill level 6 in Earth Magic
  3690 | D:4      | Reached XP level 8. HP: 46/46 MP: 8/14
  3969 | D:4      | Reached skill level 5 in Conjurations
  4237 | D:5      | Entered Level 5 of the Dungeon
  4743 | D:5      | Found a stormy altar of Qazlal.
  4743 | D:5      | Found a white marble altar of Elyvilon.
  5133 | D:6      | Reached skill level 5 in Spellcasting
  5133 | D:6      | Reached skill level 7 in Earth Magic
  5378 | D:6      | Reached XP level 9. HP: 52/52 MP: 14/16
  5397 | D:6      | Reached skill level 5 in Fighting
  5458 | D:6      | Found a shimmering altar of Xom.
  6087 | D:6      | Reached skill level 8 in Earth Magic
  6166 | D:6      | Found a hazy altar of Hepliaklqana.
  6589 | D:7      | Found a staircase to the Ecumenical Temple.
  6641 | Temple   | Entered the Ecumenical Temple
  6656 | Temple   | Became a worshipper of Vehumet
  7852 | D:8      | Reached XP level 10. HP: 57/61 MP: 19/19
  7879 | D:7      | Reached skill level 9 in Earth Magic
  8175 | D:8      | Reached * piety under Vehumet
  8175 | D:8      | Offered knowledge of Freeze by Vehumet.
  8623 | D:9      | Reached skill level 10 in Earth Magic
  8763 | D:9      | Identified the +0 ring mail of Optimism {rN+++ MP-9 Slay+5}
  8899 | D:9      | Reached XP level 11. HP: 67/67 MP: 22/22
  9009 | D:9      | Reached ** piety under Vehumet
  9017 | D:9      | Offered knowledge of Shock by Vehumet.
  9347 | D:9      | Learned a level 4 spell: Iskenderun's Mystic Blast
  9386 | D:10     | Entered Level 10 of the Dungeon
  9460 | D:10     | Noticed a centaur warrior
  9463 | D:10     | Reached skill level 11 in Earth Magic
  9779 | D:9      | Reached skill level 1 in Translocations
 10376 | D:10     | HP: 1/67 [centaur warrior/arrow (14)]
 10381 | D:10     | Killed a centaur warrior
 10490 | D:10     | Found a staircase to the Lair.
 10677 | Lair:1   | Entered Level 1 of the Lair of Beasts
 10716 | Lair:1   | Offered knowledge of Inner Flame by Vehumet.
 10722 | Lair:1   | Reached skill level 10 in Conjurations
 10841 | Lair:1   | Reached *** piety under Vehumet
 11012 | Lair:1   | Reached XP level 12. HP: 47/73 MP: 25/25
 11156 | Lair:1   | Reached skill level 12 in Earth Magic
 11156 | Lair:1   | Offered knowledge of Airstrike by Vehumet.
 11872 | Lair:2   | Found a dark tunnel.
 11887 | Volcano  | Entered a volcano
 11917 | Volcano  | Noticed a centaur warrior
 11927 | Volcano  | Killed a centaur warrior
 11928 | Volcano  | Reached skill level 1 in Shields
 12000 | Volcano  | Noticed a hell knight
 12017 | Volcano  | Slain by a hell knight

Illustrated notes

Levels and vault maps discovered:
D:1:      spicycebolla_green_bress_n_ham, layout_loops_corners,
          shapermc_ecumenical_altar_acropolis, serial_bayou,
          serial_bayou_pond_b, serial_bayou_pond_e, serial_bayou_pond_a,
          serial_bayou_pond_e, serial_shops, shop
D:2:      layout_rooms, minmay_misc_feat_plants, nrook_mini_backslash,
          uniq_robin, uniq_natasha
D:3:      layout_basic, serial_glass, glass_columns_a, glass_columns_a
D:4:      layout_basic, serial_shops, nicolae_shop_window_shopping,
          serial_bayou_lake_a, uniq_pikel
D:5:      layout_basic, gammafunk_temple_overflow_elements
D:6:      layout_loops_corners, xom_redecorated,
          worldfamousw_hep_ancestral_shrine, kennysheep_path_1, nrook_uturn,
          dreamdust_princess_bridge, serial_park_tiny_pond
D:7:      layout_layer_cave, temple_green, minmay_misc_feat_rows,
          kennysheep_generic_room_8
D:8:      layout_basic, minmay_fractal_squares_gapless_5
D:9:      layout_long_grid
D:10:     layout_big_octagon, erik_lair_orcish_takeover, serial_bayou_crossing
Temple:   regret_index_temple_chain_breaker
Lair:1:   kb_forest_paths, layout_concentric_octagons, basic_altar,
          infiniplex_staircase_pool_2
Lair:2:   layout_roguey, nicolae_volcano_entry_hallway,
          chequers_serial_rivers_micro_a, disabler_island, grunt_megastairs_1,
          uniq_gastronok
Volcano:  volcano_pools

Skill      XL: |  1  2  3  4  5  6  7  8  9 10 11 12 |
---------------+-------------------------------------+-----
Earth Magic    | 4 5 6 7 8 10 11 12 | 12.4
Conjurations   | 2 3 4 5 7 9 10 11 | 11.0
Spellcasting   | 3 4 5 6 7 9 |  9.3
Fighting       | 2 3 4 6 7 8 |  8.0
Armour         | 1 3 4 |  4.0
Dodging        | 2 |  2.5
Translocations | 3 4 |  4.4
Shields        | 1 |  1.7
Stealth        | |  2.1

Action                     |  1- 3 |  4- 6 |  7- 9 | 10-12 || total
---------------------------+-------+-------+-------+-------++-------
  Melee: Unarmed           |    30 |       |       |       ||    30
         Staff             |       |       |    11 |     2 ||    13
   Cast: Sandblast         |    52 |   125 |   124 |   308 ||   609
         Stone Arrow       |       |       |     2 |     6 ||     8
         Iskenderun's Myst |       |       |       |    16 ||    16
    Use: Scroll            |       |     9 |     7 |     5 ||    21
         Potion            |       |       |       |     5 ||     5
 Armour: Robe              |    31 |    53 |       |       ||    84
         Leather armour    |       |    31 |    51 |   331 ||   413
  Dodge: Dodged            |    26 |    48 |    19 |   220 ||   313
  Block: Buckler           |       |       |       |     1 ||     1

Table legend: (Time is in decaauts)
 A = Elapsed time spent in this place.
 B = Non-inter-level travel time spent in this place.
 C = Inter-level travel time spent in this place.
 D = Time resting spent in this place.
 E = Time spent auto-exploring this place.
 F = Levels seen in this place.
 G = Mean time per level.
                   A        B        C        D        E       F      G
               +--------+--------+--------+--------+--------+-----+--------+
         Total |  12388 |  11807 |    581 |      0 |   9354 |  14 |  884.9 |
       Dungeon |  10952 |  10451 |    501 |      0 |   8369 |  10 | 1095.2 |
        Temple |     30 |      1 |     29 |      0 |      0 |   1 |   30.0 |
          Lair |   1268 |   1218 |     50 |      0 |    927 |   2 |  634.0 |
       Volcano |    137 |    137 |      0 |      0 |     58 |   1 |  137.0 |
               +--------+--------+--------+--------+--------+-----+--------+

Top non-repeatable levels by time:
     D:7: 1721 daAuts
     D:9: 1608 daAuts
     D:1: 1335 daAuts
  Lair:1: 1223 daAuts
     D:4: 1193 daAuts
     D:6: 1174 daAuts
     D:3: 981 daAuts
     D:5: 901 daAuts
     D:2: 872 daAuts
     D:8: 614 daAuts
    D:10: 548 daAuts
 Volcano: 137 daAuts
  Lair:2: 44 daAuts
  Temple: 30 daAuts
